 Dungeon Crawl Stone Soup version 0.31-a0-344-gd109795599 (webtiles) character file.

Game seed: 5361186664821693843

44 Strat the Trooper (level 3, 0/34 HPs)
             Began as a Hill Orc Gladiator on July 21, 2023.
             Slain by a goblin
             ... wielding a +0 dagger
             ... led by Robin
              (5 damage)
             ... on level 2 of the Dungeon.
             The game lasted 00:01:41 (755 turns).

Strat the Trooper (Hill Orc Gladiator)               Turns: 755, Time: 00:01:42

Health: 0/34       AC:  4    Str: 18    XL:     3   Next: 62%
Magic:  3/3        EV: 12    Int:  8    God:
Gold:   30         SH:  0    Dex: 12    Spells: 2/2 levels left

rFire   . . .        a - +0 flail
rCold   . . .        (no shield)
rNeg    . . .        b - +0 leather armour
rPois   .            c - +0 helmet
rElec   .            (no cloak)
rCorr   .            (no gloves)
SInv    .            (no boots)
Will    .....        (no amulet)
Stlth   +            (no ring)
HPRegen 0.25/turn    (no ring)
MPRegen 0.08/turn

%: no passive effects
@: no status effects
A: no striking features
a: no special abilities


You were on level 2 of the Dungeon.
You visited 1 branch of the dungeon, and saw 2 of its levels.

You collected 30 gold pieces.

Inventory:

Hand Weapons
 a - a +0 flail (weapon)
Missiles
 d - 2 throwing nets (quivered)
 e - a javelin
Armour
 b - a +0 leather armour (worn)
 c - a +0 helmet (worn)
Jewellery
 f - an amulet of faith
 i - a +6 ring of dexterity
Scrolls
 h - a scroll of teleportation {unknown}
 j - a scroll of identify {unknown}
Potions
 g - a potion of enlightenment {unknown}


   Skills:
 + Level 4.7 Fighting
 - Level 3.2 Maces & Flails
 - Level 1.7 Throwing
 - Level 2.4 Dodging


You had 2 spell levels left.
You didn't know any spells.
Your spell library was empty.

Dungeon Overview and Level Annotations

Branches:
Dungeon (2/15)

Altars:

Annotations:
D:2 Robin


Message History

You barely miss the goblin.
Robin roars a battlecry!
The goblins go into a battle-frenzy!
The goblin closely misses you. The goblin hits you but does no damage.
The goblin hits you with a +0 club.
* * * LOW HITPOINT WARNING * * *
The goblin hits you with a +0 dagger.
* * * LOW HITPOINT WARNING * * *
You hit the goblin.
The goblin is heavily wounded.
The goblin completely misses you. The goblin hits you but does no damage.
You barely miss the goblin.
The goblin is heavily wounded.
The goblin hits you but does no damage. The goblin barely misses you.
You thump the goblin!
You kill the goblin!
The goblin closely misses you. Robin throws the goblin at you!
The goblin hits you with a +0 dagger.
* * * LOW HITPOINT WARNING * * *
You closely miss the goblin. The goblin hits you with a +0 dagger.
* * * LOW HITPOINT WARNING * * *
The goblin barely misses you. x2; The goblin hits you with a +0 dagger.
* * * LOW HITPOINT WARNING * * *
You hit the goblin.
The goblin is heavily wounded.
The goblin hits you with a +0 dagger.
* * * LOW HITPOINT WARNING * * *
The goblin hits you but does no damage.
You sock the goblin!
You kill the goblin!
The goblin hits you with a +0 dagger.
* * * LOW HITPOINT WARNING * * *
Things that are here:
a +0 dagger; a +0 club The goblin attacks as you move away!
The goblin hits you with a +0 dagger.
* * * LOW HITPOINT WARNING * * *
The goblin attacks as you move away! The goblin hits you but does no damage.
There is a stone staircase leading up here.
The goblin hits you with a +0 dagger.
You die...

#.# ..##.#. #.#...#..<. #
..#...#.... #.
##.#...#..g.
#.##########..........g
#.#.....))gg##..###.....g
#.......###.##..#.#####.#
#.###..g###.##....#...#.#
#...@##g###.#.......#
#....##.g...gg....###
#....##..............
......####.#.###.....)
..##.#..# #..## #...###
#. .##..# #..# #...# . ..
.##. ..##. .##... #.# .
.##. .##. #.... #..##.
.##. .....


You could see a goblin (strong).

Vanquished Creatures
  A gnoll (D:1)
  A dart slug (D:1)
  3 ball pythons (D:1)
  A giant cockroach (D:1)
  8 goblins
  4 jackals (D:1)
  3 kobolds (D:1)
  2 quokkas (D:1)
  3 bats (D:1)
  2 frilled lizards (D:1)
  3 rats (D:1)
31 creatures vanquished.

Notes
Turn   | Place    | Note
-------+----------+-------------------------------------------
     0 | D:1      | Strat the Hill Orc Gladiator began the quest for the Orb.
     0 | D:1      | Reached XP level 1. HP: 18/18 MP: 1/1
    64 | D:1      | Reached skill level 3 in Fighting
    64 | D:1      | Reached XP level 2. HP: 11/26 MP: 2/2
   239 | D:1      | Reached skill level 4 in Fighting
   309 | D:1      | Reached XP level 3. HP: 33/33 MP: 3/3
   711 | D:2      | Noticed Robin
   755 | D:2      | Slain by a goblin

Illustrated notes

Levels and vault maps discovered:
D:1:      lightli_arrival_isolated_outpost, layout_rooms
D:2:      layout_basic, basic_altar, nicolae_eternal_life, uniq_robin

Skill      XL: |  1  2 |
---------------+-------+-----
Fighting       | 3 4 |  4.7
Maces & Flails | |  3.2
Throwing       | |  1.7
Dodging        | |  2.4

Action                     || total
---------------------------++-------
  Melee: Flail             ||   115
         Punch             ||     2
  Throw: Throwing net      ||     1
   Stab: Sleeping          ||     1
 Armour: Leather armour    ||    53
  Dodge: Dodged            ||   110

Table legend: (Time is in decaauts)
 A = Elapsed time spent in this place.
 B = Non-inter-level travel time spent in this place.
 C = Inter-level travel time spent in this place.
 D = Time resting spent in this place.
 E = Time spent auto-exploring this place.
 F = Levels seen in this place.
 G = Mean time per level.
                   A        B        C        D        E       F      G
               +--------+--------+--------+--------+--------+-----+--------+
         Total |    796 |    782 |     14 |     64 |    401 |   2 |  398.0 |
       Dungeon |    796 |    782 |     14 |     64 |    401 |   2 |  398.0 |
               +--------+--------+--------+--------+--------+-----+--------+

Top non-repeatable levels by time:
     D:1: 710 daAuts
     D:2: 85 daAuts
